 Dungeon Crawl Stone Soup version 0.24.0-37-gcf1ca852f1 (webtiles) character file.

Game seed: 16520718015788291369, levelgen mode: deterministic

190 FishyPogo the Charmwright (level 5, -7/43 HPs)
             Began as a Gnoll Skald on Dec 7, 2019.
             Mangled by Duvessa
             ... wielding a +2 short sword of draining
              (8 damage)
             ... on level 4 of the Dungeon.
             The game lasted 00:08:54 (2253 turns).

FishyPogo the Charmwright (Gnoll Skald)             Turns: 2253, Time: 00:08:55

Health: -7/43      AC:  7    Str: 13    XL:     5   Next: 69%
Magic:  7/12       EV: 13    Int: 15    God:
Gold:   47         SH:  0    Dex: 16    Spells: 2/14 levels left

rFire    . . .     SeeInvis .   A - +1 hand axe (flame)
rCold    x . .     Gourm    .   (no shield)
rNeg     . . .     Faith    .   b - +0 leather armour
rPois    .         Spirit   .   (no helmet)
rElec    +         Reflect  .   y - +2 cloak of Okawaru's Supremacy {+Blink rElec rC-}
rCorr    .         Harm     .   (no gloves)
MR       .....                  s - +0 pair of boots
Stlth    +.........             (no amulet)
HPRegen  0.14/turn              (no ring)
MPRegen  0.13/turn              (no ring)

@: heavily drained
A: distributed training, fangs 1, strong nose
a: Evoke Blink


You were on level 4 of the Dungeon.
You were not hungry.

You visited 1 branch of the dungeon, and saw 4 of its levels.

You collected 218 gold pieces.
You spent 171 gold pieces at shops.

Inventory:

Hand Weapons
 a - a +0 falchion
 A - a +1 hand axe of flaming (weapon)
Missiles
 c - 61 stones (quivered)
 g - 12 boomerangs
 h - 7 poisoned darts
Armour
 b - a +0 leather armour (worn)
 s - a +0 pair of boots (worn)
 y - the +2 cloak of Okawaru's Supremacy (worn) {+Blink rElec rC-}
   (You bought it in a shop on level 4 of the Dungeon)

   It makes you vulnerable to cold.
   It insulates you from electricity.
   It lets you blink.
Jewellery
 w - an uncursed amulet of the acrobat {unknown}
Scrolls
 i - 5 scrolls of identify {unknown}
 m - a scroll of fear {unknown}
 n - 2 scrolls of noise {unknown}
 o - a scroll of magic mapping {unknown}
 q - a scroll of enchant weapon {unknown}
 r - 3 scrolls of remove curse {unknown}
 t - a scroll of enchant armour {unknown}
 z - a scroll of random uselessness {unknown}
Potions
 e - 2 potions of degeneration {unknown}
 f - a potion of brilliance {unknown}
 j - a potion of haste {unknown}
 k - 4 potions of curing {unknown}
 l - 4 potions of heal wounds {unknown}
 p - a potion of lignification {unknown}
 u - a potion of flight {unknown}
 x - 2 potions of berserk rage {unknown}
Comestibles
 d - 8 rations
 v - 6 chunks of flesh


   Skills:
 + Level 4.8(2.6) Fighting
 + Level 1.5(0.0) Short Blades
 + Level 4.8(2.6) Long Blades
 + Level 1.5(0.0) Axes
 + Level 1.5(0.0) Maces & Flails
 + Level 1.5(0.0) Polearms
 + Level 1.5(0.0) Staves
 + Level 1.5(0.0) Slings
 + Level 1.5(0.0) Bows
 + Level 1.5(0.0) Crossbows
 + Level 1.5(0.0) Throwing
 + Level 3.0(0.9) Armour
 + Level 4.8(2.6) Dodging
 + Level 1.5(0.0) Stealth
 + Level 1.5(0.0) Shields
 + Level 1.5(0.0) Unarmed Combat
 + Level 5.2(3.0) Spellcasting
 + Level 1.2(0.0) Conjurations
 + Level 1.2(0.0) Hexes
 + Level 5.5(3.3) Charms
 + Level 1.2(0.0) Summonings
 + Level 1.2(0.0) Necromancy
 + Level 1.2(0.0) Translocations
 + Level 1.2(0.0) Transmutations
 + Level 1.2(0.0) Fire Magic
 + Level 1.2(0.0) Ice Magic
 + Level 1.2(0.0) Air Magic
 + Level 1.2(0.0) Earth Magic
 + Level 1.2(0.0) Poison Magic
 + Level 1.7(0.0) Invocations
 + Level 1.5(0.0) Evocations


You had 2 spell levels left.
You knew the following spells:

 Your Spells              Type           Power        Failure   Level  Hunger
a - Magic Dart            Conj           #...         26%         1    #......
h - Regeneration          Chrm/Necr      #.........   36%         3    ###....
n - Spectral Weapon       Hex/Chrm       #.......     36%         3    ###....
p - Shroud of Golubria    Chrm/Tloc      #.....       21%         2    ##.....
u - Song of Slaying       Chrm           ##......     10%         2    ##.....
y - Infusion              Chrm           ##..         7%          1    #......

Your spell library contained the following spells:

 Spells                   Type           Power        Failure   Level  Hunger
 Blink                    Tloc           N/A          36%         2    ##.....
 Call Imp                 Summ           #.......     36%         2    ##.....
 Slow                     Hex            #.......     36%         2    ##.....
 Conjure Flame            Conj/Fire      #.......     58%         3    ###....
 Mephitic Cloud           Conj/Pois/Air  #.......     58%         3    ###....


Dungeon Overview and Level Annotations

Branches:
Dungeon (4/15)
 Temple: D:4-7

Altars:
Elyvilon
Gozag
Ru
Trog
Xom

Shops:
D:4 [!}!

Annotations:
D:4 Blork the orc, Duvessa, Menkaure


Innate Abilities, Weirdness & Mutations

Your experience applies equally to all skills.
You have very sharp teeth.
Your uncanny sense of smell can sniff out nearby items.


Message History

You are too injured to fight recklessly!
You are too injured to fight recklessly!
You are too injured to fight recklessly!
You hit Duvessa. You burn Duvessa.
Duvessa is heavily wounded.
Your spectral weapon hits Duvessa.
Your spectral weapon burns Duvessa.
Duvessa hits your spectral weapon with a +2 short sword of draining.
Your spectral weapon shares its damage with you!
* * * LOW HITPOINT WARNING * * *
Duvessa hits your spectral weapon with a +2 short sword of draining!
Your spectral weapon shares its damage with you!
You hit Duvessa. You burn Duvessa.
Duvessa is severely wounded.
Your spectral weapon closely misses Duvessa.
Duvessa barely misses you. Duvessa misses you.
You completely miss Duvessa. You bite Duvessa, but do no damage.
Duvessa is severely wounded.
Your spectral weapon hits Duvessa.
Your spectral weapon burns Duvessa.
Duvessa hits you with a +2 short sword of draining!
You die...

#.#######.#.....####..o#
#.........###+###....#M#####
######.#### #............#
#.# #.######.###.# #.# #.
#.# ###÷### #.##.######.##
#.....# #....<.......##.#.#
#.....######.####..<.......
#.........@e).....#........
#.....######(##########.###
#.....# #.# .# ####### #e #
#. ∆ #.


You could see Duvessa (berserk) and a friendly spectral +1 hand axe of flaming.

Vanquished Creatures
  Dowan (D:4)
  A worker ant (D:4)
  2 gnolls (D:1)
  3 adders
  An adder skeleton (D:4)
  3 dart slugs
  5 leopard geckos
  A ball python (D:3)
  3 giant cockroaches
  4 goblins
  8 hobgoblins
  3 jackals (D:4)
  6 bats
  2 frilled lizards
  6 kobolds
  8 rats
57 creatures vanquished.

Notes
Turn   | Place    | Note
-------+----------+-------------------------------------------
     0 | D:1      | FishyPogo the Gnoll Skald began the quest for the Orb.
     0 | D:1      | Reached XP level 1. HP: 20/20 MP: 6/6
   138 | D:1      | Reached XP level 2. HP: 26/26 MP: 7/7
   302 | D:1      | Learned a level 2 spell: Song of Slaying
   305 | D:1      | Learned a level 2 spell: Shroud of Golubria
   327 | D:1      | Reached XP level 3. HP: 12/31 MP: 5/9
   332 | D:1      | Learned a level 3 spell: Regeneration
   336 | D:1      | Learned a level 3 spell: Spectral Weapon
   421 | D:1      | Reached skill level 5 in Spellcasting
   632 | D:1      | Reached skill level 1 in Invocations
   846 | D:2      | Reached skill level 1 in Short Blades
   846 | D:2      | Reached skill level 1 in Axes
   846 | D:2      | Reached skill level 1 in Maces & Flails
   846 | D:2      | Reached skill level 1 in Polearms
   846 | D:2      | Reached skill level 1 in Staves
   846 | D:2      | Reached skill level 1 in Slings
   846 | D:2      | Reached skill level 1 in Bows
   846 | D:2      | Reached skill level 1 in Crossbows
   846 | D:2      | Reached skill level 1 in Throwing
   846 | D:2      | Reached skill level 1 in Stealth
   846 | D:2      | Reached skill level 1 in Shields
   846 | D:2      | Reached skill level 1 in Unarmed Combat
   846 | D:2      | Reached skill level 1 in Evocations
   901 | D:2      | Learned a level 1 spell: Magic Dart
   915 | D:2      | Reached XP level 4. HP: 35/38 MP: 8/11
  1459 | D:3      | Found a shimmering altar of Xom.
  1504 | D:3      | Reached skill level 1 in Conjurations
  1504 | D:3      | Reached skill level 1 in Hexes
  1504 | D:3      | Reached skill level 1 in Summonings
  1504 | D:3      | Reached skill level 1 in Necromancy
  1504 | D:3      | Reached skill level 1 in Translocations
  1504 | D:3      | Reached skill level 1 in Transmutations
  1504 | D:3      | Reached skill level 1 in Fire Magic
  1504 | D:3      | Reached skill level 1 in Ice Magic
  1504 | D:3      | Reached skill level 1 in Air Magic
  1504 | D:3      | Reached skill level 1 in Earth Magic
  1504 | D:3      | Reached skill level 1 in Poison Magic
  1619 | D:3      | Found an opulent altar of Gozag.
  1619 | D:3      | Found a sacrificial altar of Ru.
  1620 | D:3      | Found a white marble altar of Elyvilon.
  1620 | D:3      | Found a bloodstained altar of Trog.
  1889 | D:4      | Noticed Dowan
  1902 | D:4      | Found Viwkist's Distillery.
  1904 | D:4      | Found Jayry's Gadget Shoppe.
  1909 | D:4      | Found Jodiwe's Distillery.
  1932 | D:4      | Reached XP level 5. HP: 30/43 MP: 6/12
  1938 | D:4      | Noticed Menkaure
  1939 | D:4      | Noticed Blork the orc
  2002 | D:4      | Found Niohial's Antique Armour Emporium.
  2011 | D:4      | Bought a fine cloak for 171 gold pieces
  2016 | D:4      | Identified the +2 cloak of Okawaru's Supremacy {+Blink
                  | rElec rC-} (You bought it in a shop on level 4 of the
                  | Dungeon)
  2236 | D:4      | Noticed Duvessa
  2243 | D:4      | Killed Dowan
  2251 | D:4      | HP: 1/43 [Duvessa/+2 short sword of draining (2)]
  2253 | D:4      | Mangled by Duvessa

Levels and vault maps discovered:
D:1:      lemuel_arrival_cross, layout_loops_cross, nrook_mini_vaults
D:2:      layout_basic, first_ration
D:3:      layout_rooms, grunt_temple_overflow_open
D:4:      layout_loops_ring, serial_shops, shop, shop, nicolae_shop_trees, shop,
          kennysheep_little_box, uniq_duvessa, uniq_menkaure, uniq_edmund,
          uniq_blork_the_orc

Skill      XL: |  1  2  3  4  5 |
---------------+----------------+-----
Spellcasting   | 5 |  5.2
Invocations    | 1 |  1.7
Short Blades   | 1 |  1.5
Axes           | 1 |  1.5
Maces & Flails | 1 |  1.5
Polearms       | 1 |  1.5
Staves         | 1 |  1.5
Slings         | 1 |  1.5
Bows           | 1 |  1.5
Crossbows      | 1 |  1.5
Throwing       | 1 |  1.5
Stealth        | 1 |  1.5
Shields        | 1 |  1.5
Unarmed Combat | 1 |  1.5
Evocations     | 1 |  1.5
Conjurations   | 1 |  1.2
Hexes          | 1 |  1.2
Summonings     | 1 |  1.2
Necromancy     | 1 |  1.2
Translocations | 1 |  1.2
Transmutations | 1 |  1.2
Fire Magic     | 1 |  1.2
Ice Magic      | 1 |  1.2
Air Magic      | 1 |  1.2
Earth Magic    | 1 |  1.2
Poison Magic   | 1 |  1.2
Armour         | 3 |  3.0
Fighting       | |  4.8
Long Blades    | |  4.8
Dodging        | |  4.8
Charms         | |  5.5

Action                   |  1- 3 |  4- 6 || total
-------------------------+-------+-------++-------
Melee: Falchion          |    81 |    63 ||   144
       Bite              |     9 |    10 ||    19
       Punch             |     1 |       ||     1
       Hand axe          |       |    27 ||    27
 Cast: Shroud of Golubri |     3 |     2 ||     5
       Song of Slaying   |     3 |     2 ||     5
       Infusion          |     2 |     2 ||     4
       Magic Dart        |     1 |    26 ||    27
       Regeneration      |     1 |     2 ||     3
       Spectral Weapon   |       |     3 ||     3
 Stab: Sleeping          |     1 |     2 ||     3
  Eat: Chunk             |     1 |     4 ||     5
Armor: Leather armour    |    12 |    17 ||    29
Dodge: Dodged            |    60 |    70 ||   130
       Rpst.: Falchion   |    19 |    13 ||    32
